[Event "ICC Open 2015"]
[Site "Internet Chess Club"]
[Date "2015.05.30"]
[Round "9"]
[White "Tomorrowlan"]
[Black "yummy2"]
[Result "0-1"]
[ICCResult "White forfeits on time"]
[WhiteElo "2848"]
[BlackElo "2766"]
[Opening "Sicilian: Kan, 5.Nc3"]
[ECO "B43"]
[NIC "SI.41"]
[Time "15:48:39"]
[TimeControl "180+0"]

1. e4 c5 2. Nf3 e6 3. d4 cxd4 4. Nxd4 a6 5. Nc3 Qc7 6. Be3 Bb4 7. Qd2 Nf6 8.
Bd3 d5 9. exd5 Nxd5 10. O-O Nxc3 11. bxc3 Bxc3 12. Qe2 Bxa1 13. Rxa1 O-O 14.
Rb1 Nc6 15. Nxc6 Qxc6 16. Bd4 Qd5 17. c3 Bd7 18. Be4 Qg5 19. Be3 Qh4 20. Bc5
Rfe8 21. Rxb7 Rac8 22. g3 Qh3 23. Rxd7 Rxc5 24. Qd3 Rcc8 25. Rb7 Rf8
{White forfeits on time}
0-1

[Event "ICC Open 2015"]
[Site "Internet Chess Club"]
[Date "2015.05.30"]
[Round "9"]
[White "fearlessone"]
[Black "motipen"]
[Result "0-1"]
[ICCResult "White checkmated"]
[WhiteElo "1693"]
[BlackElo "1923"]
[Opening "Van't Kruijs opening"]
[ECO "A00"]
[Time "15:48:09"]
[TimeControl "180+0"]

1. e3 d5 2. Ne2 Nf6 3. d3 g6 4. Nd2 Bg7 5. g3 O-O 6. Bg2 c5 7. O-O Nc6 8. a3
e5 9. Rb1 a5 10. b3 Re8 11. Bb2 d4 12. e4 a4 13. h3 axb3 14. cxb3 Be6 15.
Kh2 Nd7 16. f4 f6 17. f5 Bf7 18. fxg6 hxg6 19. g4 b5 20. Ng3 Qe7 21. Rf2 Nb6
22. Qg1 c4 23. dxc4 bxc4 24. bxc4 Nxc4 25. Nxc4 Bxc4 26. Bf1 Bf7 27. Bb5 Na5
28. Bxe8 Rxe8 29. Qe1 Nc4 30. Bc1 Nxa3 31. Bxa3 Qxa3 32. Rb7 Bh6 33. Rxf6
Rf8 34. Qf2 Bf4 35. Kg2 d3 36. Ra7 Qb4 37. Nf1 Qxe4+ 38. Qf3 Qe2+ 39. Qxe2
dxe2 40. Kf2 exf1=Q+ 41. Kxf1 Bc4+ 42. Ke1 Rxf6 43. Ra8+ Kg7 44. Rc8 Bd3 45.
Rc7+ Rf7 46. Rc3 e4 47. h4 Ra7 48. Kf2 Ra2+ 49. Ke1 Bg3+ 50. Kd1 Ra1+ 51.
Kd2 Be1+ 52. Ke3 Bxc3 53. Kf4 Bf6 54. Kg3 Be5+ 55. Kh3 e3 56. h5 e2 57. h6+
Kh7 58. g5 e1=Q 59. Kg2 Qf1# {White checkmated} 0-1

[Event "ICC Open 2015"]
[Site "Internet Chess Club"]
[Date "2015.05.30"]
[Round "9"]
[White "TacticsTime"]
[Black "JRussell2"]
[Result "1-0"]
[ICCResult "Black forfeits on time"]
[WhiteElo "1324"]
[BlackElo "1262"]
[Opening "Sicilian: Grand Prix attack"]
[ECO "B23"]
[NIC "SI.44"]
[Time "15:48:43"]
[TimeControl "180+0"]

1. e4 c5 2. Nc3 Nc6 3. f4 d6 4. Bc4 e6 5. Nf3 Nf6 6. d3 Be7 7. O-O e5 8. f5
d5 9. Bb3 dxe4 10. dxe4 Qxd1 11. Rxd1 Nd4 12. Nb5 Nxf3+ 13. gxf3 O-O 14. Nc7
Rb8 15. Be3 Bd7 16. Rd3 Bc6 17. Rad1 Rbd8 18. Rxd8 Rxd8 19. Rxd8+ Bxd8 20.
Nd5 Nxd5 21. exd5 Bd7 22. Bxc5 b6 23. Be3 Bf6 24. d6 Kf8 25. c4 Bxf5 26. c5
bxc5 27. Bxc5 a6 28. Ba4 Be6 29. d7+ Kg8 30. Bb6 Bxa2 31. d8=Q+ Bxd8 32.
Bxd8 Kf8 33. b4 f6 34. Bc6 Kf7 35. Bb7 Ke6 36. Bxa6 Kd7 37. Ba5
{Black forfeits on time}
1-0

[Event "ICC Open 2015"]
[Site "Internet Chess Club"]
[Date "2015.05.30"]
[Round "9"]
[White "beaupre"]
[Black "Steingrim89"]
[Result "1-0"]
[ICCResult "Black forfeits on time"]
[WhiteElo "1828"]
[BlackElo "1584"]
[Opening "French: advance, Paulsen attack"]
[ECO "C02"]
[NIC "FR.03"]
[Time "15:48:10"]
[TimeControl "180+0"]

1. e4 e6 2. d4 d5 3. e5 c5 4. c3 Nc6 5. Nf3 cxd4 6. cxd4 Nge7 7. Bb5 Ng6 8.
O-O Be7 9. Nc3 O-O 10. a3 a6 11. Bd3 b5 12. Bd2 Bb7 13. Rc1 Rc8 14. Bb1 Qb6
15. Bg5 Bxg5 16. Nxg5 h6 17. Nxe6 Rfe8 18. Nc5 Nxd4 19. Nxb7 Nxe5 20. Nxd5
Qxb7 21. Qxd4 Rcd8 22. Be4 Qd7 23. Rfd1 Qg4 24. Ne7+ Kf8 25. Nd5 Rd7 26.
Qc5+ Kg8 27. f3 Qg5 28. Nf6+ gxf6 29. Rxd7 Nxd7 30. Qxg5+ fxg5 31. Bc6 Re7
32. Rd1 Nf6 33. Kf2 Kg7 34. Re1 Rc7 35. Be4 Ra7 36. Bd3 Ne4+ 37. Bxe4 Rc7
38. Rd1 Rc1 39. Rxc1 {Black forfeits on time} 1-0

[Event "ICC Open 2015"]
[Site "Internet Chess Club"]
[Date "2015.05.30"]
[Round "9"]
[White "unkavalo"]
[Black "chesstempo2"]
[Result "1/2-1/2"]
[ICCResult "Game drawn because neither player has mating material"]
[WhiteElo "2466"]
[BlackElo "1981"]
[Opening "Caro-Kann: anti-anti-Caro-Kann defense"]
[ECO "A11"]
[NIC "EO.64"]
[Time "15:47:39"]
[TimeControl "180+0"]

1. c4 c6 2. e4 d5 3. exd5 cxd5 4. cxd5 Nf6 5. Qa4+ Bd7 6. Qb3 Qc7 7. Nc3 Na6
8. d4 g6 9. Nge2 Bg7 10. Bf4 Qb6 11. h3 O-O 12. g4 Nb4 13. Bg2 Nd3+ 14. Kf1
Nxb2 15. Rb1 Qxb3 16. axb3 Nd3 17. Be5 Nb4 18. g5 Ne8 19. Ke1 Nd6 20. Kd2
Rac8 21. Rhe1 Nf5 22. d6 exd6 23. Bxg7 Kxg7 24. Bxb7 Rc7 25. Be4 Rfc8 26.
Bxf5 Bxf5 27. h4 Bxb1 28. Rxb1 Rb7 29. Ra1 Rcb8 30. h5 gxh5 31. Rh1 Nc6 32.
Rxh5 Rxb3 33. Ng3 Rb2+ 34. Kd3 Rxf2 35. Nce4 Rf3+ 36. Kc4 Ne7 37. d5 Rc8+
38. Kd4 Nf5+ 39. Nxf5+ Rxf5 40. Nxd6 Rf4+ 41. Ke5 Rfc4 42. Nxc4 Rxc4 43. d6
Rc1 44. Rh4 Rc8 45. Ra4 Rd8 46. Rxa7 Kg6 47. d7 h6 48. Kd6 hxg5 49. Ke7
Rxd7+ 50. Rxd7 f5 51. Rd8 g4 52. Rg8+ Kh5 53. Kf6 f4 54. Kf5 Kh4 55. Rxg4+
Kh3 56. Rxf4 Kg3 57. Ke4 Kg2 58. Ke3 Kg3 59. Re4 Kg2 60. Rg4+ Kh3 61. Kf3
Kh2 62. Re4 Kh3 63. Rh4+ Kxh4
{Game drawn because neither player has mating material}
1/2-1/2

[Event "ICC Open 2015"]
[Site "Internet Chess Club"]
[Date "2015.05.30"]
[Round "9"]
[White "Piranha"]
[Black "QuieroAprender"]
[Result "1-0"]
[ICCResult "Black forfeits on time"]
[WhiteElo "1714"]
[BlackElo "1400"]
[Opening "Vienna game, Max Lange defense"]
[ECO "C25"]
[NIC "VG.04"]
[Time "15:48:13"]
[TimeControl "180+0"]

1. e4 e5 2. Nc3 Nc6 3. Bc4 Bc5 4. d3 Nf6 5. f4 d6 6. Nf3 O-O 7. a3 a6 8. h3
b5 9. Bb3 Nd4 10. Ba2 Nc6 11. Qe2 Be6 12. Bd5 Bxd5 13. exd5 Nd4 14. Nxd4
Bxd4 15. fxe5 Bxc3+ 16. bxc3 Nxd5 17. Bd2 dxe5 18. O-O f6 19. a4 bxa4 20.
Rxa4 Qd7 21. Rh4 a5 22. Qh5 g6 23. Qf3 Qe6 24. Ra1 a4 25. Rhxa4 Rxa4 26.
Rxa4 Qc6 27. Qe4 f5 28. Qc4 Qb6+ 29. Kh2 c6 30. Ra6 Qf2 31. Rxc6 Rd8 32. Bh6
Kh8 33. Re6 Ne3 34. Bxe3 Qxe3 35. Qh4 Qf4+ 36. Qg3 Qxg3+ 37. Kxg3 Rd5 38. c4
Ra5 39. Kh4 Ra3 40. Kg5 Kg7 41. Re7+ Kf8 42. Rxe5 {Black forfeits on time}
1-0

[Event "ICC Open 2015"]
[Site "Internet Chess Club"]
[Date "2015.05.30"]
[Round "9"]
[White "cap78red"]
[Black "bigali"]
[Result "1-0"]
[ICCResult "Black resigns"]
[WhiteElo "1432"]
[BlackElo "1632"]
[Opening "English: symmetrical variation"]
[ECO "A35"]
[NIC "EO.64"]
[Time "15:48:46"]
[TimeControl "180+0"]

1. c4 c5 2. Nc3 Nc6 3. e4 b6 4. d3 Bb7 5. f4 e5 6. Nf3 d6 7. fxe5 Nxe5 8.
Nxe5 dxe5 9. Be2 Nf6 10. Bf3 Be7 11. O-O O-O 12. Nd5 Bxd5 13. exd5 Re8 14.
d6 Bxd6 15. Bxa8 Qxa8 16. Rxf6 gxf6 17. Qg4+ Kf8 18. Bh6+ Ke7 19. Rf1 Rg8
20. Qf3 Rg6 21. Be3 Qg8 22. g3 Bc7 23. Qb7 Qb8 24. Qxb8 Bxb8 25. Rf5 Bd6 26.
h3 Ke6 27. g4 Be7 28. Kf2 a6 29. Kf3 Rg8 30. Ke4 b5 31. b3 bxc4 32. dxc4 a5
33. g5 fxg5 34. Rxe5+ Kd7 35. Bxc5 Bxc5 36. Rxc5 Ra8 37. Rxg5 h6 38. Rf5 Ke7
39. h4 Ra6 40. h5 Re6+ 41. Re5 Kd6 42. Rxe6+ Kxe6 43. a3 f6 44. b4 axb4 45.
axb4 f5+ 46. Kf4 Kf6 47. c5 Ke6 48. c6 Kd6 49. b5 Kc7 50. Kxf5 Kb6 51. Kg6
Kxb5 52. c7 {Black resigns} 1-0

[Event "ICC Open 2015"]
[Site "Internet Chess Club"]
[Date "2015.05.30"]
[Round "9"]
[White "Werewolf"]
[Black "ALexiz"]
[Result "1-0"]
[ICCResult "Black checkmated"]
[WhiteElo "2175"]
[BlackElo "1803"]
[Opening "Sicilian: Najdorf, 7...Be7"]
[ECO "B98"]
[NIC "SI.09"]
[Time "15:48:12"]
[TimeControl "180+0"]

1. e4 c5 2. Nf3 d6 3. d4 cxd4 4. Nxd4 Nf6 5. Nc3 a6 6. Bg5 e6 7. f4 Be7 8.
Qf3 h6 9. Bxf6 gxf6 10. O-O-O Qc7 11. g4 Nd7 12. h4 b5 13. Bh3 Bb7 14. g5
Nc5 15. b4 Na4 16. Nxa4 bxa4 17. Bxe6 fxe6 18. Nxe6 Qc4 19. Qh5+ Kd7 20. f5
Bxe4 21. Rh2 Rac8 22. Rd4 Qf1+ 23. Kb2 Bxf5 24. Rf4 Bxe6 25. Rxf1 hxg5 26.
Qd1 gxh4 27. Re1 d5 28. Rhe2 Rc6 29. Qd4 Bxb4 30. Rxe6 Rxe6 31. Rxe6 Kxe6
32. Qxb4 h3 33. Qg4+ Kf7 34. Qd7+ Kg6 35. Qxd5 h2 36. Qg2+ Kf7 37. Qh1 Rh3
38. c4 a3+ 39. Kc2 Ke7 40. Qe4+ Kd6 41. Qf4+ Kc5 42. Qf5+ Kb4 43. Qxh3 Kxc4
44. Qxh2 a5 45. Qf4+ Kb5 46. Qxf6 a4 47. Qc3 Kb6 48. Qxa3 Kb5 49. Kc3 Ka5
50. Qb4+ Ka6 51. Kc4 a3 52. Kc5 Ka7 53. Kc6 Ka8 54. Qb7# {Black checkmated}
1-0

[Event "ICC Open 2015"]
[Site "Internet Chess Club"]
[Date "2015.05.30"]
[Round "9"]
[White "aplusk"]
[Black "ShcherbinMatvei"]
[Result "0-1"]
[ICCResult "White checkmated"]
[WhiteElo "2910"]
[BlackElo "2822"]
[Opening "Nimzovich-Larsen attack: modern variation"]
[ECO "A01"]
[NIC "VO.08"]
[Time "15:48:11"]
[TimeControl "180+0"]

1. b3 e5 2. Bb2 Nc6 3. e3 Nf6 4. Bb5 d6 5. d4 exd4 6. exd4 Bd7 7. Nf3 Be7 8.
O-O a6 9. Be2 d5 10. c4 O-O 11. Nc3 Be6 12. Re1 Bb4 13. a3 Bxc3 14. Bxc3 Ne4
15. Bb2 f5 16. Bd3 Kh8 17. Rc1 Qf6 18. h3 Qg6 19. Ne5 Nxe5 20. dxe5 Rad8 21.
Qc2 Nc5 22. Rcd1 Nxd3 23. Qxd3 Qf7 24. c5 f4 25. f3 c6 26. Bd4 Qe7 27. b4
Rd7 28. a4 Qg5 29. Kh1 Ra8 30. Ra1 Bf5 31. Qd2 Re8 32. Rac1 Rde7 33. Re2 Qh6
34. Rce1 Kg8 35. Rf2 Re6 36. b5 Bxh3 37. gxh3 Qxh3+ 38. Rh2 Qxf3+ 39. Qg2
Qd3 40. Qf2 g5 41. Rg2 Rg6 42. Kg1 f3 43. Rg3 g4 44. bxa6 bxa6 45. Ba1 h5
46. e6 h4 47. Re3 hxg3 48. Rxd3 gxf2+ 49. Kxf2 Rexe6 50. Kg3 Re2 51. Bd4
Rg2+ 52. Kf4 f2 53. Bxf2 Rxf2+ 54. Ke5 Re2+ 55. Kf5 Kg7 56. Rg3 Rf2+ 57. Ke5
Rf3 58. Rg2 g3 59. a5 Rf2 60. Rxg3 Rxg3 61. Kd6 Rf6+ 62. Kc7 d4 63. Kb6 d3
64. Kxa6 d2 65. Kb6 d1=Q 66. a6 Rb3+ 67. Kc7 Qa1 68. a7 Qxa7+ 69. Kc8 Rb8#
{White checkmated}
0-1

[Event "ICC Open 2015"]
[Site "Internet Chess Club"]
[Date "2015.05.30"]
[Round "9"]
[White "Nightlife"]
[Black "Iandmyself"]
[Result "0-1"]
[ICCResult "White resigns"]
[WhiteElo "1784"]
[BlackElo "2505"]
[Opening "Sicilian: Smith-Morra gambit"]
[ECO "B21"]
[NIC "SI.47"]
[Time "15:49:26"]
[TimeControl "180+0"]

1. e4 c5 2. d4 cxd4 3. c3 Nf6 4. e5 Nd5 5. Qxd4 e6 6. Nf3 Nc6 7. Qe4 f5 8.
Qe2 b5 9. Bg5 Qc7 10. g3 a5 11. Bg2 Ba6 12. O-O Be7 13. Bxe7 Ndxe7 14. Qe3
O-O 15. Re1 f4 16. Qc5 fxg3 17. hxg3 b4 18. Nd4 Rac8 19. Nb5 Bxb5 20. Qxb5
Ng6 21. cxb4 axb4 22. Bxc6 Qxc6 23. Qxb4 Qf3 24. Qd4 Nh4 25. gxh4 Rf4 26.
Re4 Rc1+ {White resigns} 0-1

[Event "ICC Open 2015"]
[Site "Internet Chess Club"]
[Date "2015.05.30"]
[Round "9"]
[White "BishopStars"]
[Black "paraguayo"]
[Result "0-1"]
[ICCResult "White forfeits on time"]
[WhiteElo "1314"]
[BlackElo "1715"]
[Opening "Réti opening"]
[ECO "A06"]
[NIC "QP.09"]
[Time "15:48:03"]
[TimeControl "180+0"]

1. Nf3 d5 2. e3 g6 3. c4 e6 4. cxd5 exd5 5. d4 Bg7 6. Nc3 Nf6 7. h3 O-O 8.
Bd3 a6 9. O-O c6 10. b4 Re8 11. Re1 Nbd7 12. Bb2 Nf8 13. Nd2 Be6 14. e4 dxe4
15. Ndxe4 Qxd4 16. Na4 Qd8 17. Qc2 Nxe4 18. Bxe4 Qg5 19. Bxg7 Kxg7 20. Nc5
Bxh3 21. Qc3+ f6 22. Qxh3 a5 23. f3 axb4 24. Nd3 b3 25. axb3 Rxa1 26. Rxa1
Ne6 27. Qg4 Qe3+ 28. Kh1 Nd4 29. Qf4 Qf2 30. Ra7 Qf1+ 31. Kh2 Re7 32. Qd6
Kf7 33. Nf4 Qf2 34. Nh3 Nxf3+ 35. Bxf3 Qxa7 36. Nf4 Qe3 37. Nh3 Qe5+ 38.
Qxe5 Rxe5 39. Nf4 c5 40. Nd3 b6 41. Nxe5+ fxe5 42. Bd5+ Kf6 43. Bc4 Kf5 44.
Kh3 Kf4 45. Kh4 e4 46. g3+ Kf3 47. Bd5 Ke3 48. Bxe4 Kxe4 49. Kg5 b5 50. g4
c4 51. Kh6 cxb3 52. Kxh7 b2 53. Kxg6 b1=Q 54. Kh7 Qd1 55. g5 Qg4 56. g6 b4
57. g7 b3 58. Kg8 Qxg7+ 59. Kxg7 b2 60. Kh8 b1=Q 61. Kh7 Qb6 62. Kg7 Ke5 63.
Kf7 Qb7+ 64. Kf8 Ke6 65. Kg8 Qf7+ 66. Kh8 Qc7 67. Kg8 Kf6 68. Kh8 Kg6
{White forfeits on time}
0-1

[Event "ICC Open 2015"]
[Site "Internet Chess Club"]
[Date "2015.05.30"]
[Round "9"]
[White "Lzmann"]
[Black "johnny197"]
[Result "1/2-1/2"]
[ICCResult "White ran out of time and Black has no material to mate"]
[WhiteElo "1755"]
[BlackElo "1404"]
[Opening "Modern defense"]
[ECO "A40"]
[NIC "QO.17"]
[Time "15:48:21"]
[TimeControl "180+0"]

1. d4 g6 2. c4 Bg7 3. Nc3 c5 4. d5 Bxc3+ 5. bxc3 d6 6. e4 Nf6 7. Bd3 Qa5 8.
Qc2 O-O 9. Ne2 Bg4 10. O-O Bxe2 11. Bxe2 Nbd7 12. f4 Nb6 13. e5 dxe5 14.
fxe5 Nfd7 15. Bh6 Nxe5 16. Qe4 Qxc3 17. Bxf8 Rxf8 18. Rac1 Qd4+ 19. Qxd4
cxd4 20. Rfd1 Rc8 21. Rxd4 Ned7 22. Bg4 f5 23. Be2 Nc5 24. d6 Kf7 25. dxe7
Kxe7 26. Bf3 Rc7 27. Re1+ Kf7 28. Bd5+ Kf6 29. h3 Rd7 30. g4 Nxd5 31. Rxd5
Rxd5 32. cxd5 fxg4 33. hxg4 g5 34. d6 b6 35. Re7 a6 36. Rxh7 Ke6 37. Rh6+
Kd7 38. Rg6 Ne6 39. Kf2 Kxd6 40. Ke3 Ke5 41. Rg8 b5 42. Ra8 Nc5 43. Rc8 Kd5
44. Rg8 Ne6 45. Rg6 Kd6 46. Ke4 Ke7 47. Ke5 Nc5 48. Rxg5 Nd3+ 49. Kd4 Nf4
50. Rf5 Ne6+ 51. Ke5 Nc5 52. g5 Nd7+ 53. Ke4 Nf8 54. Rf6 a5 55. Rb6 b4 56.
Rb5 Kf7 57. Rxa5 Kg6 58. Rb5 Ne6 59. Rb6 Kf7 60. Rxe6 Kxe6 61. Kd4 Kf5 62.
Kc4 Kxg5 63. Kxb4 Kf6 64. Kb5 Ke7 65. Kb6 Kd7 66. Kb7 Kd6 67. a4 Kc5 68. a5
Kb5 69. a6 Kc5 70. a7 Kd5 71. a8=Q Kc5 72. Qa5+ Kd6 73. Qc3 Kd5
{White ran out of time and Black has no material to mate}
1/2-1/2

[Event "ICC Open 2015"]
[Site "Internet Chess Club"]
[Date "2015.05.30"]
[Round "9"]
[White "Gibhor"]
[Black "jugador"]
[Result "1/2-1/2"]
[ICCResult "Game drawn by repetition"]
[WhiteElo "1969"]
[BlackElo "1739"]
[Opening "Sicilian: Alapin's variation (2.c3)"]
[ECO "B22"]
[NIC "SI.46"]
[Time "15:48:48"]
[TimeControl "180+0"]

1. e4 c5 2. c3 Nf6 3. e5 Nd5 4. d4 e6 5. Nf3 Nc6 6. c4 Ndb4 7. a3 Na6 8. d5
exd5 9. cxd5 Nd4 10. Nxd4 cxd4 11. Qxd4 Bc5 12. Qe4 O-O 13. Bd3 f5 14. Qa4
Bxf2+ 15. Kxf2 Nc5 16. Qc4 b6 17. Nc3 Ba6 18. Nb5 f4 19. Rf1 Qg5 20. Kg1
Qxe5 21. Bd2 Bxb5 22. Qxb5 Qd4+ 23. Kh1 Nxd3 24. Bc3 Nf2+ 25. Rxf2 Qxf2 26.
Qxd7 Rf7 27. Qe6 f3 28. Rg1 Rf8 29. d6 h5 30. d7 fxg2+ 31. Rxg2 Qf1+ 32. Rg1
Qf3+ 33. Rg2 Qf1+ 34. Rg1 Qf3+ 35. Rg2 Qf1+ {Game drawn by repetition}
1/2-1/2

[Event "ICC Open 2015"]
[Site "Internet Chess Club"]
[Date "2015.05.30"]
[Round "9"]
[White "CrossShark"]
[Black "PJJVenegas"]
[Result "1-0"]
[ICCResult "Black resigns"]
[WhiteElo "2699"]
[BlackElo "2315"]
[Opening "Sicilian: dragon, Yugoslav attack, 10.O-O-O"]
[ECO "B78"]
[NIC "SI.18"]
[Time "15:48:45"]
[TimeControl "180+0"]

1. e4 c5 2. Nf3 d6 3. d4 cxd4 4. Nxd4 Nf6 5. Nc3 g6 6. Be3 Bg7 7. f3 O-O 8.
Qd2 Nc6 9. Bc4 Bd7 10. O-O-O Rb8 11. Bb3 a5 12. Ndb5 Ne5 13. Qe2 Rc8 14. Kb1
a4 15. Nxa4 Qa5 16. Nac3 Ra8 17. h3 Rfc8 18. f4 Nxe4 19. Nxe4 Bxb5 20. Qd2
Nc4 21. Qxa5 Rxa5 22. Bd2 Raa8 23. Bc3 Na3+ 24. Kc1 Bxc3 25. Nxc3 Rxc3 26.
bxc3 Bc4 27. Kb2 b5 28. Rhe1 Ra7 29. Re4 d5 30. Re3 e6 31. g4 Kg7 32. f5 Kf6
33. fxe6 fxe6 34. Rde1 Ra6 35. Rf3+ Ke7 36. g5 b4 37. cxb4 Nb5 38. Bxc4 dxc4
39. c3 Nd6 40. Rfe3 Nf5 41. Re4 Rc6 42. a4 Ng3 43. R4e3 Nf5 44. Re5 Rd6 45.
b5 Rd2+ 46. Ka3 Rd3 47. Kb4 Kd7 48. Kxc4 Rxh3 49. Rxe6 Rh4+ 50. Kb3 Rh3 51.
R6e2 Nd4+ 52. Kc4 Nxe2 53. Rxe2 Rg3 54. Rd2+ Rd3 55. Rxd3+ Kc7 56. Rh3 Kb6
57. Rxh7 Ka5 58. Ra7+ Kb6 59. Ra6+ Kb7 60. Rxg6 Ka7 61. Rf6 Kb7 62. g6 Kc7
63. g7 Kd7 64. g8=Q Ke7 {Black resigns} 1-0

[Event "ICC Open 2015"]
[Site "Internet Chess Club"]
[Date "2015.05.30"]
[Round "9"]
[White "obt"]
[Black "ivancele"]
[Result "1-0"]
[ICCResult "Black forfeits on time"]
[WhiteElo "1939"]
[BlackElo "1652"]
[Opening "Pirc: Byrne variation"]
[ECO "B07"]
[NIC "PU.09"]
[Time "15:48:37"]
[TimeControl "180+0"]

1. e4 d6 2. d4 Nf6 3. Nc3 g6 4. Bg5 c6 5. Be2 Bg7 6. Qd3 Qc7 7. Qd2 e5 8.
dxe5 dxe5 9. O-O-O Be6 10. Bh6 O-O 11. h4 Nbd7 12. h5 b5 13. Bxg7 Kxg7 14.
f3 a6 15. g4 Rad8 16. Qg5 h6 17. Qe3 g5 18. Nh3 Nh7 19. Rd2 Nb6 20. Rhd1
Rxd2 21. Rxd2 Rd8 22. b3 f6 23. Nf2 Nf8 24. Nd3 Nfd7 25. Nb1 a5 26. Nc5 Nxc5
27. Qxc5 Rxd2 28. Nxd2 Kf7 29. Bxb5 Nd7 30. Qxc6 Qxc6 31. Bxc6 Nb8 32. Bb5
Ke7 33. c3 Kd6 34. Kb2 Kc5 35. Bc4 Bd7 36. a3 Nc6 37. b4+ axb4 38. cxb4+ Kb6
39. Kb3 Nd4+ 40. Kc3 Ba4 41. Bd3 Bd1 42. Nc4+ Kc6 43. b5+ Kc7 44. b6+ Kb8
45. Kb4 Bxf3 46. a4 Bxg4 47. Kc5 Bxh5 48. a5 Ne6+ 49. Kd6 Nd8 50. a6 Be8 51.
Na5 Ba4 52. a7+ Ka8 53. Bc4 {Black forfeits on time} 1-0

[Event "ICC Open 2015"]
[Site "Internet Chess Club"]
[Date "2015.05.30"]
[Round "9"]
[White "El-Flippo"]
[Black "golpeador"]
[Result "0-1"]
[ICCResult "White forfeits on time"]
[WhiteElo "1403"]
[BlackElo "2199"]
[Opening "French defense"]
[ECO "C00"]
[NIC "FR.01"]
[Time "15:49:50"]
[TimeControl "180+0"]

1. e4 e6 2. Nf3 d5 3. e5 c5 4. c4 d4 5. d3 b6 6. Bf4 Bb7 7. Nbd2 Nc6 8. h4
h6 9. h5 Nce7 10. g4 Qc7 11. Rg1 f6 12. Bg3 f5 13. a3 fxg4 14. Nh2 Nf5 15.
Bf4 g3 16. fxg3 O-O-O 17. b4 Nge7 18. bxc5 Qxc5 19. Nb3 Qc7 20. c5 bxc5 21.
Rc1 Nd5 22. Bg2 Nc3 23. Bxb7+ Qxb7 24. Qc2 Be7 25. Kf2 Rhf8 26. Nf3 Ne3 27.
Bxe3 Qxf3+ 28. Ke1 Qxe3+ {White forfeits on time} 0-1

[Event "ICC Open 2015"]
[Site "Internet Chess Club"]
[Date "2015.05.30"]
[Round "9"]
[White "Nos"]
[Black "paulleon"]
[Result "1/2-1/2"]
[ICCResult "White ran out of time and Black has no material to mate"]
[WhiteElo "2369"]
[BlackElo "2073"]
[Opening "English: Neo-Catalan declined"]
[ECO "A14"]
[NIC "RE.08"]
[Time "15:48:24"]
[TimeControl "180+0"]

1. Nf3 d5 2. c4 e6 3. g3 Nf6 4. Bg2 Be7 5. O-O b6 6. b3 O-O 7. Bb2 Bb7 8. e3
c5 9. Qe2 Nc6 10. cxd5 Nxd5 11. d4 cxd4 12. Nxd4 Nxd4 13. Bxd4 Bf6 14. Qb2
Ba6 15. Rd1 Rc8 16. Na3 Bxd4 17. Rxd4 Qf6 18. Bxd5 exd5 19. Qd2 b5 20. Nc2
Bb7 21. Nb4 a5 22. Nd3 b4 23. Rd1 Rc3 24. Nf4 Rfc8 25. Nxd5 Bxd5 26. Rxd5 g6
27. Rd8+ Kg7 28. Rxc8 Rxc8 29. h4 Rc3 30. Qd5 Rc2 31. Rd2 Qa1+ 32. Kg2 Rxa2
33. Rxa2 Qxa2 34. h5 Qa1 35. g4 gxh5 36. Qg5+ Kf8 37. Qd8+ Kg7 38. Qg5+ Kf8
39. Qxh5 Qb1 40. Qc5+ Kg8 41. Qg5+ Qg6 42. Qd8+ Kg7 43. Qd4+ Qf6 44. Qd5 Qg6
45. g5 h6 46. Qe5+ Kh7 47. f4 h5 48. Qxa5 h4 49. Qe5 Qc2+ 50. Kh3 Qg6 51.
Kxh4 Qc6 52. Qf5+ Kg7 53. Qf6+ Qxf6 54. gxf6+ Kxf6 55. Kg4 Ke6 56. e4 f5+
57. exf5+ Kf6 58. Kg3 Kxf5 59. Kf3 Kf6 60. Ke4 Kg6 61. f5+ Kf6 62. Kf4 Kf7
63. Ke4 Ke7 64. Kd4 Kf7 65. Kc4 Kf6 66. Kxb4 Kxf5 67. Kc4 Ke6 68. b4 Ke7 69.
Kb5 Kd7 {White ran out of time and Black has no material to mate} 1/2-1/2

[Event "ICC Open 2015"]
[Site "Internet Chess Club"]
[Date "2015.05.30"]
[Round "9"]
[White "VrloJakMK"]
[Black "Mardaker"]
[Result "0-1"]
[ICCResult "White forfeits on time"]
[WhiteElo "2245"]
[BlackElo "2701"]
[Opening "Queen's pawn: English defense"]
[ECO "A40"]
[NIC "QO.17"]
[Time "15:49:11"]
[TimeControl "180+0"]

1. d4 b6 2. c4 Bb7 3. Nc3 g6 4. e4 Bg7 5. Nf3 e6 6. Bd3 Ne7 7. O-O O-O 8.
Qe2 d6 9. Bg5 Nd7 10. Rad1 f6 11. Bh4 Qe8 12. Rfe1 Qf7 13. a4 a6 14. a5 bxa5
15. Ra1 g5 16. Bg3 h6 17. h4 g4 18. Nd2 f5 19. exf5 Nxf5 20. Nb3 Rae8 21.
Qxg4 Kh8 22. Nxa5 Nf6 23. Qh3 Ba8 24. d5 Nh5 25. Bxf5 exf5 26. f4 Bd4+ 27.
Kh2 Nxg3 28. Qxg3 Bb6 29. Nb3 Bb7 30. Qf3 Bc8 31. Rxe8 Rxe8 32. c5 dxc5 33.
Nd2 c4 34. Nxc4 Bd4 35. Rd1 Qg7 36. Qd3 Bf2 37. Qf3 Bxh4 38. d6 Rg8 39. dxc7
Qxc7 40. Nd5 Qxc4 {White forfeits on time} 0-1

[Event "ICC Open 2015"]
[Site "Internet Chess Club"]
[Date "2015.05.30"]
[Round "9"]
[White "hAutAjArvi"]
[Black "Svinotigr"]
[Result "1-0"]
[ICCResult "Black forfeits on time"]
[WhiteElo "2062"]
[BlackElo "1706"]
[Opening "Philidor: Hanham variation"]
[ECO "B07"]
[NIC "VO.17"]
[Time "15:49:23"]
[TimeControl "180+0"]

1. e4 d6 2. Nf3 Nd7 3. d4 e5 4. dxe5 dxe5 5. Bc4 g6 6. Bxf7+ Kxf7 7. Qd5+
Ke8 8. Nxe5 Qe7 9. Nxd7 Bxd7 10. Qxb7 Qb4+ 11. Qxb4 Bxb4+ 12. c3 Bd6 13. O-O
Nf6 14. f3 Bc5+ 15. Kh1 Nh5 16. g4 Ng7 17. Nd2 Ne6 18. Nb3 Ba4 19. Nxc5 Nxc5
20. Be3 Ne6 21. f4 Bb5 22. Rfe1 g5 23. f5 Nf4 24. Bxf4 gxf4 25. Kg2 h5 26.
g5 Kf7 27. Kf3 Rad8 28. Rad1 Ba4 29. b3 Bc6 30. Kxf4 h4 31. h3 Rde8 32. e5
Rd8 33. e6+ Kg7 34. f6+ Kg6 35. e7 Rde8 36. Rd4 Rh5 37. Re5 Rh7 38. Rc4 Bd7
39. Rxc7 Bxh3 40. Rc6 Rf7 41. Rd6 Bc8 42. Rd8 Rexe7 43. Rxe7 h3 44. Rg8+ Kh5
45. Rxf7 {Black forfeits on time} 1-0

[Event "ICC Open 2015"]
[Site "Internet Chess Club"]
[Date "2015.05.30"]
[Round "9"]
[White "AlexSlizhevsky"]
[Black "Ramanip15"]
[Result "1-0"]
[ICCResult "Black forfeits on time"]
[WhiteElo "2029"]
[BlackElo "1844"]
[Opening "Sicilian: dragon, Yugoslav attack, 10.O-O-O"]
[ECO "B78"]
[NIC "SI.18"]
[Time "15:48:45"]
[TimeControl "180+0"]

1. e4 c5 2. Nf3 d6 3. d4 cxd4 4. Nxd4 Nf6 5. Nc3 g6 6. Be3 Bg7 7. f3 O-O 8.
Qd2 Nc6 9. Bc4 Bd7 10. O-O-O Rc8 11. Bb3 Ne5 12. h4 Nc4 13. Bxc4 Rxc4 14. h5
Qc7 15. hxg6 fxg6 16. Nde2 Rc8 17. Kb1 Be6 18. Bh6 Bh8 19. Bg5 b5 20. Bxf6
Bxf6 21. Nd5 Rxc2 22. Nxc7 Rxd2 23. Rxd2 Rxc7 24. Rc1 Rxc1+ 25. Nxc1 h5 26.
Rc2 g5 27. Rc7 a5 28. Kc2 h4 29. b3 h3 30. gxh3 Bxh3 31. Kd1 Bg2 32. Ke2 Kf7
33. Kf2 Bh3 34. Ne2 Ke6 35. Rb7 g4 36. Rxb5 Bh4+ 37. Ng3 gxf3 38. Rh5 Bxg3+
39. Kxg3 Bg2 40. Rxa5 Kf6 41. Kf2 e5 42. Ra6 Kg5 43. Rxd6 Kf4 44. Rd1
{Black forfeits on time}
1-0